 Dungeon Crawl Stone Soup version 0.17-a0-1479-g4041c36 (webtiles) character file.

720 pulse the Chopper (level 8, -9/87 HPs)
             Began as a Formicid Berserker on July 3, 2015.
             Was a Priest of Trog.
             Mangled by an orc
             ... wielding a +1 dagger of electrocution
              (20 damage)
             ... on level 5 of the Dungeon.
             The game lasted 00:08:41 (5058 turns).

pulse the Chopper (Formicid Berserker)              Turns: 5058, Time: 00:08:41

Health: -9/87      AC: 24    Str: 23    XL:     8   Next: 2%
Magic:  8/8        EV:  2    Int: 14    God:    Trog [***...]
Gold:   167        SH:  0    Dex: 10    Spells: 0 memorised, 7 levels left

rFire  . . .     SeeInvis .     v - +0 whip (drain)
rCold  . . .     Clarity  .     (armour currently unavailable)
rNeg   + + +     SustAt   .     (no shield)
rPois  +         Gourm    .     (helmet unavailable)
rElec  .         Spirit   .     (cloak currently unavailable)
rCorr  .         Warding  +     (gloves currently unavailable)
rMut   .         Stasis   +     (boots currently unavailable)
MR     ++...                    y - amulet of warding
Stlth  +.........               (no ring)
                                d - +6 ring of intelligence

@: tree-form, regenerating, very resistant to hostile enchantments, very
unstealthy
A: permanent stasis, dig shafts and tunnels, four strong arms, (antennae 0)
a: Burn Spellbooks, Trog's Hand, Renounce Religion


You were on level 5 of the Dungeon.
You worshipped Trog.
Trog was most pleased with you.
You were not hungry.
You were a tree.
You visited 1 branch of the dungeon, and saw 6 of its levels.

You collected 283 gold pieces.
You spent 116 gold pieces at shops.

Inventory:

Hand weapons
 a - a +1 hand axe
 v - a +0 whip of draining (weapon)
Armour
 l - a +2 cloak (melded)
 n - a +3 scale mail of cold resistance (melded)
 r - a +0 plate armour
Jewellery
 d - a +6 ring of intelligence (left branch)
 y - an amulet of warding (around neck)
Magical devices
 i - a wand of fireball (10)
Scrolls
 e - 4 scrolls of teleportation {unknown}
 f - 4 scrolls of remove curse
 h - 5 scrolls of identify
 k - 3 scrolls of noise {unknown}
 m - a scroll of enchant weapon
 p - a scroll of fear
 t - a scroll of fog
 x - a scroll of enchant armour {unknown}
Potions
 s - a potion of poison
Comestibles
 b - 3 fruits
 c - 5 bread rations
 j - a meat ration
 o - 2 slices of pizza


   Skills:
 + Level 3.5 Fighting
 * Level 7.1 Axes
 + Level 5.7 Armour
 - Level 1.7 Dodging


You had 7 spell levels left.
You didn't know any spells.

Dungeon Overview and Level Annotations

Branches:
Dungeon (6/15)
 Temple: D:4-7

Altars:
Fedhas
Qazlal
Sif Muna
Vehumet
Xom

Shops:
D:5 [


Innate Abilities, Weirdness & Mutations

You are under a permanent stasis effect.
You can dig through walls and to a lower floor.
Your four strong arms can wield two-handed weapons with a shield.
((You have a pair of large antennae on your head (SInv).))


Message History

Your skin crawls.
You feel resistant to hostile enchantments.
You feel slightly more hungry.
The orc priest hits you but does no damage.
The orc hits you but does no damage.
You are too injured to fight recklessly!
You are too injured to fight recklessly!
You are too injured to fight recklessly!
You are too injured to fight recklessly!
You are too injured to fight recklessly!
You are too injured to fight recklessly!
You are too injured to fight recklessly!
You are too injured to fight recklessly!
You are too injured to fight recklessly!
You are too injured to fight recklessly!
You closely miss the orc.
The orc is lightly wounded.
The orc priest hits you but does no damage.
The orc hits you but does no damage.
You are electrocuted!
You die...

##.......## #.......##
##.......### ##..........#
#### #####............
###..#######................
###...........................
#................)....((......
#...........o♣o.......##).....
#...###.....[(.)..(.(####.....
#..## #...###...(....#⌠⌠#....#
#..# #..## ##....####__##...#
#..# #..# #...## #8..8#....
#..# ##.## ##..# #''##.#..
#..# #..# #..# #..#####.
#..###..# #..# #...#####
#...#..## #..# ###...# #


You could see an orc priest and an orc.

Vanquished Creatures
  An orc warrior (D:5)
  A black bear (D:5)
  A phantom (D:5)
  A necrophage (D:5)
  A giant frog zombie (D:5)
  A crimson imp (D:5)
  2 hounds (D:4)
  4 worker ants
  5 adders
  A shadow imp (D:5)
  An adder zombie (D:5)
  2 giant geckos (D:1)
  8 orcs
  A ball python (D:1)
  8 bats
  A bat zombie (D:5)
  6 giant cockroaches
  7 goblins
  8 hobgoblins
  11 jackals
  6 quokkas
  3 giant newts
  A jackal skeleton (D:4)
  14 kobolds
  8 rats
103 creatures vanquished.

Notes
Turn   | Place    | Note
--------------------------------------------------------------
     0 | D:1      | pulse the Formicid Berserker began the quest for the Orb.
     0 | D:1      | Reached XP level 1. HP: 18/18 MP: 1/1
   233 | D:1      | Reached XP level 2. HP: 16/24 MP: 2/2
   622 | D:1      | Reached XP level 3. HP: 29/29 MP: 3/3
   692 | D:1      | Reached skill level 4 in Axes
   711 | D:1      | Acquired Trog's second power
  1328 | D:2      | Reached XP level 4. HP: 22/35 MP: 4/4
  1552 | D:2      | Found a stormy altar of Qazlal.
  1613 | D:2      | Found a radiant altar of Vehumet.
  2474 | D:3      | Reached skill level 5 in Axes
  2625 | D:3      | Reached XP level 5. HP: 37/41 MP: 5/5
  2816 | D:4      | Found a blossoming altar of Fedhas.
  3112 | D:4      | Reached skill level 6 in Axes
  3112 | D:4      | Reached XP level 6. HP: 47/47 MP: 6/6
  3216 | D:5      | Entered Level 5 of the Dungeon
  3646 | D:5      | Noticed a black bear
  3717 | D:5      | Killed a black bear
  3876 | D:5      | Reached XP level 7. HP: 33/51 MP: 7/7
  4001 | D:5      | Reached skill level 7 in Axes
  4275 | D:5      | Reached skill level 5 in Armour
  4438 | D:5      | Found Okluw's Antique Armour Shoppe.
  4441 | D:5      | Bought a shiny scale mail for 116 gold pieces
  4482 | D:5      | Found a shimmering altar of Xom.
  4483 | D:5      | Found a deep blue altar of Sif Muna.
  4890 | D:5      | Reached XP level 8. HP: 29/58 MP: 8/8
  5058 | D:5      | Mangled by an orc

Vault maps used:
D:1:      sevenhm_arrival_forest_fort_large_2
D:2:      lemuel_crystal_altar, lemuel_doored_altar, first_bread, minivault_14
D:3:      nrook_mini_vaults
D:4:      fedhas_altar_2
D:5:      gammafunk_temple_overflow_wave, serial_shops, kennysheep_mini,
          hex_tiny
D:6:      nicolae_ashenzari_panopticon, temple_fountains, basic_altar,
          serial_shops, shop, lemuel_flamethrower_2

Action                   |  1- 3 |  4- 6 |  7- 9 || total
-------------------------+-------+-------+-------++-------
Melee: Hand axe          |   119 |    65 |       ||   184
       Whip              |       |   183 |   319 ||   502
Invok: Burn Spellbooks   |       |     1 |       ||     1
       Trog's Hand       |       |       |     1 ||     1
  Use: Scroll            |       |     7 |       ||     7
       Potion            |       |     9 |     2 ||    11
  Eat: Chunk             |     1 |     9 |       ||    10
       Meat ration       |       |       |     1 ||     1
       Fruit             |       |       |     1 ||     1
